Map: 이어 제로 - 래더

Players

Stats - Winner!

  • Race: Protoss Protoss
  • League: Grandmaster
  • Spawn Location: 1:00

INnoVation

  • Race: Terran Terran
  • League: Grandmaster
  • Spawn Location: 11:00

VOD

Have the link to the VOD?

Description

Time

  • Played on: Feb. 19, 2019, 7:10 a.m.
  • Length: 13:43
Show
View Real Time Build Order
Export as new Build Order

Stats Protoss - Winner!

Build Orders: 1 Gate Expand, Phoenix Opening, Blink Stalkers, Colossus Rush 

Get SALT Encoding   

  12  0:00  Probe  
  13  0:12  Probe  
  14  0:17  Pylon  
  14  0:24  Probe  
  15  0:32  Probe  
  15  0:37  Gateway  
  15  0:40  Probe  
  16  0:46  Assimilator  
  17  0:51  Probe  
  18  1:03  Probe  
  19  1:15  Probe  
  20  1:24  Nexus  
  20  1:34  Cybernetics Core  
  20  1:36  Probe  
  21  1:42  Assimilator  
  21  1:49  Probe  
  21  1:53  Pylon  
  22  2:01  Probe, Adept  
  23  2:10  Warp Gate  
  23  2:13  Probe  
  26  2:23  Sentry  
  26  2:25  Probe  
  27  2:34  Probe  
  27  2:36  Twilight Council  
  29  2:37  Probe  
  29  2:42  Probe  
  31  2:47  Stalker  
  31  2:49  Probe  
  35  2:52  Probe  
  35  2:56  Phoenix  
  36  3:01  Probe  
  36  3:03  Blink  
  36  3:04  Probe  
  38  3:13  Probe  
  38  3:16  Probe  
  38  3:17  Gateway  
  40  3:20  Gateway  
  40  3:26  Probe  
  41  3:28  Probe  
  41  3:31  Robotics Facility  
  42  3:35  Pylon  
  42  3:38  Probe  
  42  3:40  Probe  
  44  3:51  Probe  
  44  3:52  Probe  
  46  4:00  Assimilator  
  46  4:03  Probe  
  46  4:04  Assimilator, Probe  
  46  4:06  Pylon  
  48  4:13  Pylon  
  48  4:15  Shield Battery  
  48  4:17  Probe x2  
  48  4:23  Forge, Robotics Bay, Observer  
  51  4:34  Warp Prism, Stalker x3  
  57  4:40  Probe  
  60  4:47  Observer  
  60  4:50  Protoss Ground Weapons Level 1  
  60  4:52  Nexus, Phoenix  
  60  4:53  Pylon  
  60  4:56  Colossus  
  60  5:03  Pylon, Probe x2  
  68  5:18  Extended Thermal Lance  
  68  5:28  Zealot x3  
  72  5:34  Colossus  
  72  5:35  Templar Archives  
  74  5:38  Probe x2  
  76  5:56  Probe x2  
  84  5:59  Zealot  
  84  6:02  Pylon  
  86  6:05  Zealot x2  
  86  6:07  Probe, Charge  
  86  6:09  Probe  
  92  6:11  Probe  
  93  6:20  Colossus  
  93  6:29  Zealot  
  93  6:30  Zealot  
  103  6:34  High Templar  
  105  6:42  Pylon  
  105  6:44  Pylon  
  105  6:45  Pylon  
  105  6:51  Probe x3  
  108  6:58  Protoss Ground Armor Level 1  
  108  7:00  Stalker x2  
  112  7:04  Colossus  
  112  7:07  Zealot  
  114  7:09  Probe x2  
  114  7:10  Probe  
  123  7:22  Pylon  
  123  7:23  Stalker  
  123  7:24  Pylon, Stalker  
  123  7:26  Gateway  
  127  7:32  Pylon, Stalker  
  111  7:53  Stalker x2  
  111  7:57  High Templar  
  117  8:01  Probe x2, Gateway  
  117  8:02  Probe, Gateway  
  120  8:08  Gateway x2  
  120  8:11  Assimilator  
  120  8:12  Assimilator  
  120  8:13  Probe x2, Forge  
  120  8:14  Probe  
  120  8:16  Pylon  
  120  8:19  Protoss Ground Weapons Level 2  
  123  8:20  Immortal  
  123  8:27  Stalker x3  
  123  8:32  Protoss Ground Armor Level 2  
  133  8:37  Stalker  
  135  8:50  Pylon  
  135  8:52  Immortal  
  135  8:56  Nexus  
  135  8:58  Pylon  
  139  9:16  High Templar x2  
  143  9:17  Zealot x6  
  143  9:22  Archon  
  155  9:25  Pylon  
  155  9:40  High Templar x2, Immortal  
  155  9:41  Zealot x3  
  169  9:48  Zealot  
  169  9:49  Zealot x2  
  169  9:50  Archon  
  174  9:53  Probe x3  
  177  10:02  High Templar x2, Zealot  
  181  10:10  Stalker x3  
  181  10:12  Zealot, Stalker  
  157  10:33  Stalker x3  
  157  10:34  Stalker  
  157  10:35  Zealot  
  165  10:41  Zealot x2  
  163  10:50  Pylon  
  157  10:58  Pylon  
  157  11:00  Pylon  
  157  11:09  Pylon  
  150  11:11  Pylon  
  150  11:17  Stalker x7  
  159  11:38  Observer  
  157  11:41  Stalker x6  
  157  11:42  Stalker  
  157  11:44  Stalker  
  173  11:54  Probe x3  
  176  12:06  Probe x2  
  178  12:10  Pylon  
  178  12:12  Pylon  
  132  12:32  Stalker x6  
  132  12:33  Stalker  
  102  12:46  Stalker  
  98  12:55  Stalker x3  
  98  12:56  Stalker x3  
  98  12:57  Sentry  
  112  13:02  Sentry  
  112  13:09  Stalker  
  114  13:18  Stalker  
  114  13:19  Stalker x3  
  122  13:20  Zealot x2  
Show
View Real Time Build Order
Export as new Build Order

INnoVation Terran 

Build Orders: Reaper Expand 

Get SALT Encoding   

  12  0:00  SCV  
  13  0:12  SCV  
  14  0:17  Supply Depot  
  14  0:24  SCV  
  15  0:39  SCV  
  15  0:40  Barracks  
  16  0:44  Refinery  
  16  0:51  SCV  
  17  1:03  SCV  
  18  1:15  SCV  
  19  1:27  Orbital Command, Reaper  
  20  1:45  Command Center  
  20  1:53  SCV  
  21  1:57  Supply Depot  
  21  2:00  Barracks Reactor  
  21  2:05  SCV  
  22  2:08  Refinery  
  22  2:17  SCV  
  23  2:22  Factory  
  23  2:29  SCV  
  24  2:37  Marine x2  
  24  2:43  SCV  
  27  2:55  Marine x2  
  27  2:57  Orbital Command  
  27  2:58  SCV  
  30  3:06  Factory Tech Lab  
  30  3:09  Starport  
  30  3:10  SCV  
  31  3:13  Marine x2  
  33  3:23  SCV x2  
  35  3:31  Marine x2  
  35  3:33  Supply Depot  
  37  3:35  Factory Tech Lab, SCV x2  
  37  3:40  Barracks  
  39  3:47  SCV x2  
  41  3:51  Raven  
  41  3:54  Siege Tank  
  46  3:57  Supply Depot  
  46  3:59  SCV x2  
  48  4:05  Barracks  
  48  4:07  Marine  
  48  4:08  Marine  
  50  4:11  SCV  
  50  4:12  SCV  
  50  4:14  Supply Depot  
  52  4:18  Refinery  
  52  4:23  Bunker  
  52  4:24  SCV  
  52  4:25  SCV  
  52  4:29  Siege Tank  
  57  4:33  Marine x2  
  59  4:40  Engineering Bay  
  59  4:41  SCV x2  
  61  4:47  Supply Depot  
  61  4:48  Stimpack  
  61  4:50  Marine x2  
  61  4:52  Marine  
  64  4:56  SCV x2  
  65  5:00  Supply Depot  
  65  5:03  Refinery  
  65  5:04  Starport Reactor  
  65  5:08  Factory Reactor  
  65  5:09  Terran Infantry Weapons Level 1  
  65  5:11  SCV x2  
  67  5:16  Marauder  
  67  5:17  Marauder  
  67  5:21  Combat Shield, Marine x2  
  71  5:25  Supply Depot  
  71  5:27  SCV  
  74  5:28  SCV  
  75  5:36  Supply Depot  
  75  5:40  Marauder x2, SCV  
  75  5:42  Marine x2  
  82  5:44  Medivac  
  82  5:46  Medivac  
  86  5:50  Supply Depot  
  86  5:53  Widow Mine x2  
  90  5:59  Supply Depot  
  90  6:02  Marauder x2  
  94  6:05  Marine x2  
  96  6:13  Supply Depot  
  96  6:14  Widow Mine  
  96  6:15  Widow Mine  
  99  6:24  Medivac x2  
  100  6:31  Marine x2  
  100  6:32  Marauder x2  
  106  6:36  Widow Mine x2  
  108  6:40  Concussive Shells  
  108  6:42  Command Center  
  106  6:50  SCV x2  
  106  6:54  Marauder x2, Marine x2  
  112  7:03  Terran Infantry Armor Level 1  
  112  7:06  Barracks  
  112  7:10  Barracks  
  112  7:15  Medivac x2  
  116  7:17  Marauder x2, Marine x2  
  122  7:23  SCV x2, Supply Depot  
  124  7:36  SCV  
  124  7:37  SCV  
  108  7:46  Marauder x2  
  108  7:47  Marine x2  
  108  7:49  SCV x2  
  114  7:53  Liberator x2  
  114  7:54  Orbital Command  
  114  7:59  Barracks Tech Lab  
  114  8:01  SCV x2  
  114  8:03  Factory Reactor  
  114  8:05  Refinery, Starport  
  116  8:06  Refinery  
  122  8:14  SCV x2  
  124  8:20  SCV  
  124  8:24  Marauder x3  
  130  8:28  Marine x4  
  130  8:33  SCV x2  
  130  8:34  SCV  
  136  8:36  Supply Depot  
  136  8:40  Liberator x2  
  136  8:43  Liberator  
  136  8:46  Marauder x3  
  142  8:48  Marine x3  
  142  8:49  Marine  
  155  9:07  Supply Depot x2  
  155  9:11  Liberator  
  155  9:15  Supply Depot  
  155  9:16  Marauder  
  157  9:23  Liberator x2  
  157  9:26  Liberator  
  157  9:28  Marine x4  
  157  9:29  Missile Turret, Marauder x2  
  157  9:30  Supply Depot  
  167  9:38  Armory  
  167  9:39  Engineering Bay  
  176  9:49  Marauder  
  176  9:50  Marauder  
  176  9:52  Marauder  
  182  9:56  Marine  
  182  9:57  Marine x3  
  186  10:07  Liberator x2  
  186  10:08  Liberator  
  186  10:12  Marauder  
  188  10:14  Marine  
  188  10:15  Liberator  
  189  10:22  Marauder  
  189  10:23  Marauder, Marine x3  
  175  10:39  Marauder  
  177  10:43  Marauder  
  177  10:45  Marauder  
  180  10:50  Liberator  
  180  10:54  Terran Infantry Armor Level 2  
  180  10:55  Terran Ship Weapons Level 1  
  173  10:59  Liberator  
  173  11:01  Liberator  
  173  11:03  Marauder  
  175  11:04  Marine x4  
  175  11:05  Marauder  
  175  11:06  Marauder  
  172  11:29  Marauder x2  
  172  11:30  Marauder, Marine x4  
  174  11:41  Medivac  
  176  11:50  Medivac  
  176  11:53  Marauder x3, Marine x3  
  186  12:01  Medivac  
  186  12:05  Command Center  
  186  12:10  Medivac  
  186  12:11  Liberator x2  
  188  12:19  Marine  
  188  12:21  Marauder, Marine x2  
  188  12:22  Marauder x2  
  189  12:23  Marine  
  145  12:36  Liberator x2  
  119  12:37  Marine  
  119  12:39  Marine x2  
  119  12:43  Marauder x2  
  119  12:44  Marauder  
  118  12:49  Marine  
  104  12:55  Marine  
  104  12:57  Marine x2  
  106  13:04  Marauder  
  106  13:05  Marauder x2  
  101  13:06  Marine  
  96  13:13  Marine  
  96  13:15  Marine  
Tags
 
Add a new tag
Caveats
  • Supply blocks, unpowered buildings, or Contaminate may cause inaccurate times.
  • Supply counts are checked every 10 seconds.